 Dungeon Crawl Stone Soup version 0.23-a0-57-gd13e5294dc (webtiles) character file.

184 Oravi the Gusty (level 5, -6/28 HPs)
             Began as a Tengu Air Elementalist on Aug 9, 2018.
             Was an Initiate of Vehumet.
             Mangled by Duvessa
             ... wielding a +2 short sword of venom
              (17 damage)
             ... on level 4 of the Dungeon.
             The game lasted 00:17:21 (3552 turns).

Oravi the Gusty (Tengu Air Elementalist)            Turns: 3552, Time: 00:17:23

Health: -6/28      AC:  3    Str:  8    XL:     5   Next: 63%
Magic:  3/10       EV: 13    Int: 17    God:    Vehumet [......]
Gold:   248        SH:  0    Dex: 14    Spells: 4/10 levels left

rFire    . . .     SeeInvis .   n - +0 whip (venom)
rCold    . . .     Gourm    .   (no shield)
rNeg     . . .     Faith    .   k - +1 animal skin
rPois    +         Spirit   .   (helmet restricted)
rElec    .         Reflect  .   (no cloak)
rCorr    .         Harm     .   (no gloves)
MR       .....                  (boots unavailable)
Stlth    ++........             (no amulet)
HPRegen  0.09/turn              t - ring of poison resistance
MPRegen  0.12/turn              (no ring)

@: very slightly contaminated
A: beak, talons 3, able to fly 1
a: Fly, Renounce Religion


You were on level 4 of the Dungeon.
You worshipped Vehumet.
Vehumet was noncommittal.
You were not hungry.

You visited 1 branch of the dungeon, and saw 4 of its levels.

You collected 248 gold pieces.

Inventory:

Hand Weapons
 g - a +0 short sword
 n - a +0 whip of venom (weapon)
Missiles
 b - 99 stones (quivered)
 f - 8 poisoned needles
 y - 5 tomahawks
Armour
 a - a +0 robe
 k - a +1 animal skin (worn)
 p - a +0 ring mail
Jewellery
 t - a ring of poison resistance (left hand)
Scrolls
 h - a scroll of remove curse
 l - a scroll of random uselessness {unknown}
 m - a scroll of enchant armour {unknown}
 o - 4 scrolls of fog {unknown}
 r - 2 scrolls of magic mapping
 s - a scroll of fear {unknown}
 u - a scroll of teleportation {unknown}
 x - a scroll of blinking {unknown}
 C - a scroll of immolation {unknown}
 D - a scroll of amnesia {unknown}
 E - a scroll of enchant weapon {unknown}
Potions
 e - a potion of might
 i - 2 potions of brilliance
 j - 2 potions of magic
 q - 2 potions of lignification {unknown}
 w - a potion of degeneration {unknown}
 z - 4 potions of curing {unknown}
 B - a potion of flight {unknown}
Comestibles
 c - 6 rations
 d - a chunk of flesh


   Skills:
 + Level 0.8 Fighting
 + Level 2.5 Dodging
 - Level 2.0 Stealth
 + Level 3.2 Spellcasting
 + Level 4.0 Conjurations
 + Level 5.5 Air Magic


You had 4 spell levels left.
You knew the following spells:

 Your Spells              Type           Power        Failure   Level  Hunger
a - Shock                 Conj/Air       ###.         2%          1    None
b - Swiftness             Chrm/Air       ##......     9%          2    ##.....
c - Static Discharge      Conj/Air       ###.....     7%          3    ###....

Your spell library contained the following spells:

 Spells                   Type           Power        Failure   Level  Hunger
 Lightning Bolt           Conj/Air       ###.......   54%         5    ######.
 Airstrike                Air            ###.......   17%         4    ####...


Dungeon Overview and Level Annotations

Branches:
Dungeon (4/15)
 Temple: D:4-7

Altars:
Cheibriados
Kikubaaqudgha
Sif Muna
Vehumet
Wu Jian

Annotations:
D:4 Duvessa, Ijyb


Innate Abilities, Weirdness & Mutations

You have a beak for a mouth.
You have claws for feet.
You can fly.


Message History

Casting: Shock (safe; 2% risk of failure)
Confirm with . or Enter, or press ? or * to list all spells.
Aiming: Shock (safe; 2% risk of failure)
Press: ? - help, Shift-Dir - straight line The zap hits Duvessa.
Duvessa is heavily wounded.
The zap hits Duvessa.
Duvessa is severely wounded.
Duvessa hits you with a short sword of venom!
Casting: Shock (safe; 2% risk of failure)
Confirm with . or Enter, or press ? or * to list all spells.
Aiming: Shock (safe; 2% risk of failure)
Press: ? - help, Shift-Dir - straight line The zap hits Duvessa.
Duvessa is severely wounded.
The zap hits Duvessa.
Duvessa is almost dead.
Duvessa hits you with a short sword of venom!
Ouch! That really hurt!
You die...

#.########
...>.....#
#...####.# #...#
#.#
#...####.#########
#......).e.....[.#
#..#####.#######)#
......##.# #e#
...##.##.# #@#
##.# ##.# #.# #.#
#.# #.# #.# #.#
#.# #.# #.# #.#
#.. #.# ###
#####.# #.....#
#.#####


You could see Duvessa.

Vanquished Creatures
  Robin (D:2)
  7 gnolls
  5 worms
  2 leopard geckos
  8 orcs
  6 bats
  2 giant cockroaches (D:3)
  13 goblins
  9 hobgoblins
  8 jackals
  6 kobolds
  A quokka (D:4)
  A ball python (D:3)
  3 frilled lizards
  6 rats
  A fungus (D:1)
79 creatures vanquished.

Notes
Turn   | Place    | Note
-------+----------+-------------------------------------------
     0 | D:1      | Oravi the Tengu Air Elementalist began the quest for the Orb.
     0 | D:1      | Reached XP level 1. HP: 10/10 MP: 4/4
   283 | D:1      | Reached XP level 2. HP: 15/15 MP: 0/6
  1227 | D:2      | Reached XP level 3. HP: 10/19 MP: 1/7
  1499 | D:2      | Reached XP level 4. HP: 24/24 MP: 4/9
  1503 | D:2      | Learned a level 2 spell: Swiftness
  1507 | D:2      | Learned a level 3 spell: Static Discharge
  1571 | D:2      | Reached skill level 5 in Air Magic
  1657 | D:2      | Found a snail-covered altar of Cheibriados.
  1690 | D:2      | Noticed Robin
  1699 | D:2      | Killed Robin
  2083 | D:3      | Found a deep blue altar of Sif Muna.
  2216 | D:3      | Gained mutation: You can fly. [Tengu growth]
  2216 | D:3      | Reached XP level 5. HP: 28/28 MP: 6/10
  2393 | D:3      | Found a radiant altar of Vehumet.
  2427 | D:3      | Became a worshipper of Vehumet
  2699 | D:3      | Found an ornate altar of the Wu Jian Council.
  2789 | D:3      | Found an ancient bone altar of Kikubaaqudgha.
  3010 | D:3      | Found a faded altar of an unknown god.
  3409 | D:4      | Noticed Ijyb
  3520 | D:4      | Noticed Duvessa
  3552 | D:4      | Mangled by Duvessa

Vault maps used:
D:1:      nzn_arrival_crosshair, minmay_gold_behind_fungi,
          kennysheep_decorative_pillar, minmay_box_of_dots
D:2:      cheibriados_altar_1, uniq_robin
D:3:      old_standard_altar, lemuel_crystal_altar, kiku_gazebo_garden_becter,
          vehumet_crystals, chequers_ecumenical_altar_grove,
          nicolae_underground_beach
D:4:      uniq_ijyb, uniq_duvessa

Skill      XL: |  1  2  3  4  5 |
---------------+----------------+-----
Conjurations   | 2 3 4 |  4.0
Air Magic      | 5 |  5.5
Spellcasting   | 3 |  3.2
Fighting       | |  0.8
Dodging        | |  2.5
Stealth        | |  2.0

Action                   |  1- 3 |  4- 6 || total
-------------------------+-------+-------++-------
Melee: Short sword       |    13 |       ||    13
       Kick              |     8 |     4 ||    12
       Whip              |     1 |    48 ||    49
       Unarmed           |     1 |       ||     1
       Peck              |       |     6 ||     6
Throw: Stone             |    18 |    77 ||    95
 Cast: Shock             |    40 |    80 ||   120
       Static Discharge  |       |     2 ||     2
  Use: Scroll            |       |     6 ||     6
  Eat: Chunk             |     2 |     7 ||     9
Armor: Robe              |     5 |       ||     5
       Animal skin       |       |    10 ||    10
Dodge: Dodged            |    19 |    39 ||    58

Table legend:
 A = Spawn XP
 B = Non-spawn XP
 C = Spawn XP percentage of total XP
 D = Spawn monster count
 E = Non-spawn monster count
 F = Spawn count percentage of total count
 G = Total turns spent on level
                    A         B        C        D         E        F      G
               +---------+---------+-------+---------+---------+-------+---------
         Total |       0 |     263 |   0.0 |       0 |      78 |   0.0 |  3552
               +---------+---------+-------+---------+---------+-------+---------
           D:1 |       0 |      25 |   0.0 |       0 |      14 |   0.0 |  1075
           D:2 |       0 |     118 |   0.0 |       0 |      23 |   0.0 |  1002
           D:3 |       0 |     103 |   0.0 |       0 |      35 |   0.0 |  1218
           D:4 |       0 |      17 |   0.0 |       0 |       6 |   0.0 |   257
               +---------+---------+-------+---------+---------+-------+---------
